 Dungeon Crawl Stone Soup version 0.24-a0-443-g80245de385 (webtiles) character file.

Game seed: 15805181084350612036

1728 Gargoyl the Chopper (level 8, -6/67 HPs)
             Began as a Centaur Abyssal Knight on June 21, 2019.
             Was an Elder of Lugonu.
             Shot with an arrow by a centaur (13 damage)
             ... on level 6 of the Dungeon.
             The game lasted 00:08:30 (8022 turns).

Gargoyl the Chopper (Centaur Abyssal Knight)        Turns: 8022, Time: 00:08:30

Health: -6/67      AC:  9    Str: 21    XL:     8   Next: 76%
Magic:  11/11      EV:  8    Int: 11    God:    Lugonu [****..]
Gold:   338        SH:  9    Dex: 10    Spells: 7/7 levels left

rFire    . . .     SeeInvis .   f - +2 war axe
rCold    . . .     Gourm    .   p - +1 shield
rNeg     . . .     Faith    .   b - +2 leather armour
rPois    .         Spirit   .   (no helmet)
rElec    .         Reflect  .   (no cloak)
rCorr    .         Harm     .   o - +1 pair of gloves
MR       .....                  (no barding)
Stlth    ..........             (no amulet)
HPRegen  0.21/turn              k - +5 ring of strength
MPRegen  0.12/turn              (no ring)

@: very quick
A: large, hooves 3, deformed body, speed 2, tough skin 3
a: Depart the Abyss, Bend Space, Banish, Corrupt, Renounce Religion


You were on level 6 of the Dungeon.
You worshipped Lugonu.
Lugonu was greatly pleased with you.
You were hungry.

You visited 1 branch of the dungeon, and saw 6 of its levels.
You visited the Abyss 1 time.

You collected 338 gold pieces.

Inventory:

Hand Weapons
 a - a +1 hand axe
 f - a +2 war axe (weapon)
Armour
 b - a +2 leather armour (worn)
 o - a +1 pair of gloves (worn)
 p - a +1 shield (worn)
Jewellery
 k - a +5 ring of strength (left hand)
 q - the ring of Existentialism {EV+3 Str+2}
   (You took it off an orc on level 5 of the Dungeon)

   [ring of evasion]

   It affects your evasion (+3).
   It affects your strength (+2).
Scrolls
 e - 3 scrolls of remove curse
 i - 2 scrolls of identify
 j - a scroll of teleportation
Potions
 d - a potion of mutation {unknown}
 g - a potion of magic
 h - a potion of ambrosia
 l - a potion of invisibility
 m - a potion of flight {unknown}
 n - a potion of curing {unknown}
 r - a potion of heal wounds {unknown}
 s - a potion of brilliance {unknown}
 u - a potion of haste {unknown}
Comestibles
 c - 8 rations


   Skills:
 + Level 4.9 Fighting
 + Level 5.5 Axes
 * Level 3.9 Armour
 * Level 3.5 Dodging
 + Level 2.1 Shields
 * Level 5.2 Invocations


You had 7 spell levels left.
You didn't know any spells.
Your spell library contained the following spells:

 Spells                   Type           Power        Failure   Level  Hunger
 Flame Tongue             Conj/Fire      #....        87%         1    ##.....
 Summon Small Mammal      Summ           #...         87%         1    ##.....
 Call Imp                 Summ           #.......     95%         2    ###....
 Throw Flame              Conj/Fire      #.....       95%         2    ###....
 Call Canine Familiar     Summ           #.......     99%         3    ####...
 Conjure Flame            Conj/Fire      #.......     99%         3    ####...
 Inner Flame              Hex/Fire       #.......     99%         3    ####...
 Summon Guardian Golem    Hex/Summ       #.......     99%         3    ####...
 Sticky Flame             Conj/Fire      #.......     100%        4    #####..
 Summon Ice Beast         Ice/Summ       #.......     100%        4    #####..
 Summon Lightning Spire   Summ/Air       #.......     100%        4    #####..
 Fireball                 Conj/Fire      #.........   100%        5    ######.


Dungeon Overview and Level Annotations

Branches:
Dungeon (6/15)             Temple (0/1) D:5

Altars:
Gozag
Nemelex Xobeh

Shops:
D:3 *   D:4 }


Innate Abilities, Weirdness & Mutations

You have hooves in place of feet.
Armour fits poorly on your strangely shaped body.
You cover ground very quickly.
You have extremely tough skin. (AC +3)


Message History

You feel sick.
Found a stone staircase leading down.
Found a sedimented black potion.
You feel sick.
You feel sick.
You feel sick.
You feel sick.
You feel sick.
You feel sick.
You feel sick.
You feel sick.
You are no longer poisoned.
You see here a scroll of noise.
There is a stone staircase leading down here.
You see here a quokka skeleton.
Items here: ))) [[ a +0 war axe; a +0 scale mail; a +0 whip; a +0 dagger; a +0 robe The centaur wields a +0 shortbow.
The centaur shoots an arrow.
The arrow hits you!
You die...

#### ############...
#>......c?.....
########.####...###...
#<...@.#c# #...# #...
######.#.# ##### #...
#.#.# #... #.#.# ####
#)#.#
######รท#.############
#......c..).....^....
##.####.....#####....
#.# #.....# .


You could see a centaur.

Vanquished Creatures
  Pikel (D:4)
  3 ogres
  A centaur (D:5)
  Blork the orc (D:5)
  2 scorpions (D:6)
  A centaur zombie (D:5)
  3 crimson imps
  A bullfrog zombie (D:5)
  A centaur skeleton (D:4)
  An orc priest (D:4)
  2 hounds
  A jelly (D:6)
  2 orc wizards
  6 worker ants
  A hound skeleton (D:4)
  3 gnolls (D:5)
  11 adders
  An adder skeleton (D:5)
  An adder zombie (D:5)
  3 worms
  2 dart slugs
  3 leopard geckos
  15 orcs
  9 bats
  5 giant cockroaches
  5 goblins
  5 hobgoblins
  6 jackals
  5 quokkas
  11 frilled lizards
  9 kobolds
  7 rats
128 creatures vanquished.

Notes
Turn   | Place    | Note
-------+----------+-------------------------------------------
     0 | Abyss:1  | Gargoyl the Centaur Abyssal Knight began the quest for the
                  | Orb.
     0 | Abyss:1  | Reached XP level 1. HP: 19/19 MP: 2/2
     7 | Abyss:1  | Found a corrupted altar of Lugonu.
   104 | Abyss:2  | Noticed a wraith
   150 | Abyss:3  | Found a corrupted altar of Lugonu.
   158 | Abyss:3  | Noticed a large abomination
   168 | Abyss:3  | Noticed a neqoxec
   168 | D:1      | Escaped the Abyss
   697 | D:1      | Reached XP level 2. HP: 19/26 MP: 3/3
   838 | D:1      | Reached * piety under Lugonu
  1678 | D:2      | Reached XP level 3. HP: 25/31 MP: 4/4
  1838 | D:2      | Reached skill level 1 in Dodging
  2863 | D:3      | Reached XP level 4. HP: 25/38 MP: 5/5
  3011 | D:3      | Found an opulent altar of Gozag.
  3113 | D:3      | Found Gozag's Platinum Reserve.
  3381 | D:3      | Found a faded altar of an unknown god.
  3432 | D:3      | Reached ** piety under Lugonu
  3824 | D:3      | Found an opulent altar of Gozag.
  4208 | D:4      | Noticed an ogre
  4227 | D:3      | Reached XP level 5. HP: 21/45 MP: 7/7
  5273 | D:4      | Found Feuxat's Gadget Shoppe.
  5299 | D:4      | Reached XP level 6. HP: 33/52 MP: 8/8
  5644 | D:4      | Found a sparkling altar of Nemelex Xobeh.
  5753 | D:4      | Noticed a slave
  6033 | D:4      | Noticed Pikel
  6033 | D:4      | Noticed a slave
  6033 | D:4      | Noticed a slave
  6036 | D:4      | Noticed a slave
  6053 | D:4      | Killed Pikel
  6053 | D:4      | Reached skill level 1 in Shields
  6053 | D:4      | Reached XP level 7. HP: 28/60 MP: 8/10
  6056 | D:4      | Reached *** piety under Lugonu
  6267 | D:4      | Reached XP level 8. HP: 58/67 MP: 11/11
  6484 | D:5      | Entered Level 5 of the Dungeon
  6623 | D:5      | Noticed Blork the orc
  6630 | D:5      | Killed Blork the orc
  6677 | D:5      | Found a staircase to the Ecumenical Temple.
  6693 | D:5      | Identified the ring of Existentialism {EV+3 Str+2}
  7234 | D:5      | Reached skill level 5 in Axes
  7618 | D:6      | Reached skill level 5 in Invocations
  7958 | D:6      | Reached **** piety under Lugonu
  7991 | D:6      | HP: 3/67 [poisoned by a scorpion]
  7997 | D:6      | HP: 3/67 [poisoned by a scorpion]
  8022 | D:6      | Shot with an arrow by a centaur

Levels and vault maps discovered:
D:1:      dpeg_arrival_long_road, layout_basic
D:2:      layout_loops_cross, first_ration
D:3:      layout_loops_ring, overflow_temple_1_default,
          chequers_ecumenical_altar_simple_redux,
          nicolae_gozag_zags_fifth_avenue
D:4:      layout_basic, nemelex_xobeh_ov_fountains_minmay, serial_shops, shop,
          uniq_pikel
D:5:      layout_basic, minmay_temple_entry_offerings, uniq_blork_the_orc
D:6:      layout_basic, item_on_display_a

Skill      XL: |  1  2  3  4  5  6  7  8 |
---------------+-------------------------+-----
Axes           | 2 3 4 5 |  5.5
Dodging        | 1 2 3 |  3.5
Armour         | 2 3 |  3.9
Invocations    | 3 4 5 |  5.2
Fighting       | 4 |  4.9
Shields        | 1 2 |  2.1

Action                   |  1- 3 |  4- 6 |  7- 9 || total
-------------------------+-------+-------+-------++-------
Melee: Hand axe          |   130 |   176 |    40 ||   346
       Kick              |    16 |    45 |    45 ||   106
       War axe           |       |       |   102 ||   102
Invok: Depart the Abyss  |     1 |       |       ||     1
  Use: Scroll            |     8 |     3 |     4 ||    15
  Eat: Chunk             |     4 |     5 |     3 ||    12
       Ration            |       |     2 |       ||     2
Armor: Leather armour    |    67 |    71 |    45 ||   183
Dodge: Dodged            |    61 |    41 |    48 ||   150
Block: Shield            |     4 |    73 |    69 ||   146

Table legend:
 A = Non-vault XP
 B = Vault XP
 C = Vault XP percentage of total XP
 D = Non-vault monster count
 E = Vault monster count
 F = Vault count percentage of total count
                 A         B        C        D         E       F
            +---------+---------+-------+---------+---------+-------
      Total |    1694 |     775 |  31.4 |     126 |       2 |   1.6
            +---------+---------+-------+---------+---------+-------
        D:1 |      38 |       0 |   0.0 |      25 |       0 |   0.0
        D:2 |      50 |       0 |   0.0 |      17 |       0 |   0.0
        D:3 |     227 |       0 |   0.0 |      25 |       0 |   0.0
        D:4 |     449 |     685 |  60.4 |      25 |       1 |   3.8
        D:5 |     410 |      90 |  18.0 |      19 |       1 |   5.0
        D:6 |     520 |       0 |   0.0 |      15 |       0 |   0.0
            +---------+---------+-------+---------+---------+-------
